 Dungeon Crawl Stone Soup version 0.18-a0-486-gab6c0bd (console) character file.

28 endege the Insei (level 2, -2/27 HPs)
             Began as a Deep Dwarf Transmuter on Dec 2, 2015.
             Slain by a worm (10 damage)
             ... on level 2 of the Dungeon.
             The game lasted 00:02:20 (1279 turns).

endege the Insei (Deep Dwarf Transmuter)            Turns: 1279, Time: 00:02:21

Health: -2/27      AC:  2    Str: 13    XL:     2   Next: 96%
Magic:  2/2        EV: 12    Int: 13    God:
Gold:   79         SH:  0    Dex: 13    Spells: 1 memorised, 3 levels left

rFire  . . .     SeeInvis .     i - -3 dagger (curse)
rCold  . . .     Clarity  .     b - +0 robe
rNeg   . . .     SustAt   .     (no shield)
rPois  .         Gourm    .     (no helmet)
rElec  .         Spirit   .     (no cloak)
rCorr  .         Dismiss  .     (no gloves)
rMut   .         Stasis   .     (no boots)
MR     .....                    (no amulet)
Stlth  +.........               (no ring)
                                (no ring)

@: non-regenerating, not resistant to hostile enchantments, very unstealthy
A: damage resistance, recharge devices, sense surroundings 1, slow regeneration
3
a: Device Recharging


You were on level 2 of the Dungeon.
You were not hungry.

You visited 1 branch of the dungeon, and saw 2 of its levels.

You collected 79 gold pieces.


Innate Abilities, Weirdness & Mutations

You are resistant to damage.
You can recharge devices by infusing magical energy.
You passively map a small area around you.
You do not regenerate naturally.


   Skills:
 + Level 2.6 Fighting
 - Level 2.1 Dodging
 - Level 2.6 Unarmed Combat
 - Level 1.7 Spellcasting
 - Level 1.7 Transmutations


You had 3 spell levels left.
You knew the following spells:

 Your Spells              Type           Power        Failure   Level  Hunger
a - Beastly Appendage     Trmt           #.....       14%         1    ##.....

Inventory:

Hand Weapons
 h - a +0 club
 i - a cursed -3 dagger (weapon)
 k - a +0 spear
Missiles
 e - 22 arrows
Armour
 a - a +0 leather armour
 b - a +0 robe (worn)
Jewellery
 d - a +2 ring of intelligence {unknown}
 g - an uncursed amulet of guardian spirit {unknown}
Wands
 Y - a wand of heal wounds (3)
Potions
 j - a potion of mutation {unknown}
 m - a potion of resistance {unknown}
Books
 c - a book of Changes

   Spells                             Type                      Level
   a - Beastly Appendage              Transmutation                1
   b - Sticks to Snakes               Transmutation                2
   c - Spider Form                    Transmutation/Poison         3
   d - Ice Form                       Ice/Transmutation            4
   e - Blade Hands                    Transmutation                5

Dungeon Overview and Level Annotations

Branches:
Dungeon (2/15)

Altars:


Message History

The worm is lightly wounded.
You hit the worm but do no damage.
The worm is lightly wounded.
The worm completely misses you.
You hit the worm but do no damage.
The worm is lightly wounded.
The worm bites you.
* * * LOW HITPOINT WARNING * * *
You hit the worm but do no damage.
The worm is lightly wounded.
You hit the worm but do no damage.
The worm is lightly wounded.
The worm bites you.
* * * LOW HITPOINT WARNING * * *
You hit the worm but do no damage.
The worm is lightly wounded.
You hit the worm.
The worm is lightly wounded.
The worm bites you!
You die...

, * , * #.# , ...
# * * #.# .#
#.##.# ######
#.... #....# #..#
#.##.#######..###,
#.##.%<...@w....#
#.##########..#.#
#######.# #..#
#.......# #..#,*,
#.####### #..# ,
#.# #..# , #.##
#..# ...#### #..#
* ........ , .....
*, ...#####
,........ , * #.##
*, ######..##,


You could see a worm.

Vanquished Creatures
  An ooze (D:1)
  2 bats (D:1)
  5 hobgoblins
  2 kobolds (D:1)
  2 giant newts (D:1)
  7 goblins (D:1)
  A quokka (D:2)
  2 rats (D:1)
22 creatures vanquished.

Notes
Turn   | Place    | Note
--------------------------------------------------------------
     0 | D:1      | endege the Deep Dwarf Transmuter began the quest for the Orb.
     0 | D:1      | Reached XP level 1. HP: 16/16 MP: 3/3
     0 | D:1      | 0 ||| counter = 65
     8 | D:1      | Reached skill level 1 in Fighting
    20 | D:1      | 20 ||| Wielding weapon dagger.
    95 | D:1      | 95 ||| Stepping ~*~*~tactically~*~*~ (outnumbered).
    98 | D:1      | HP: 2/18 [hobgoblin/club (3)]
    99 | D:1      | 99 ||| ZAPPING wand of heal wounds (5).
   123 | D:1      | HP: 3/18 [hobgoblin/club (2)]
   124 | D:1      | 124 ||| ZAPPING wand of heal wounds (4).
   149 | D:1      | 149 ||| MP-RECHARGING wand of heal wounds (3).
   150 | D:1      | 150 ||| MP-RECHARGING wand of heal wounds (3).
   151 | D:1      | 151 ||| MP-RECHARGING wand of heal wounds (3).
   261 | D:1      | Reached XP level 2. HP: 10/26 MP: 3/3
   308 | D:1      | HP: 6/26 [goblin/dagger (3)]
   309 | D:1      | 309 ||| ZAPPING wand of heal wounds (8).
   766 | D:1      | HP: 4/26 [kobold/club (6)]
   767 | D:1      | 767 ||| ZAPPING wand of heal wounds (7).
   878 | D:1      | 878 ||| READING scroll labeled DUGAASAENI.
   879 | D:1      | 879 ||| READING scroll labeled FUMAPR ODWIELOI.
   880 | D:1      | 880 ||| DROPPING 33 arrows.
   895 | D:2      | 895 ||| STAIRDANCE
   917 | D:2      | 917 ||| ZAPPING wand of heal wounds (6).
   918 | D:2      | 918 ||| STAIRDANCE
   923 | D:2      | 923 ||| STAIRDANCE
   928 | D:2      | 928 ||| STAIRDANCE
   933 | D:2      | 933 ||| STAIRDANCE
   937 | D:2      | 937 ||| STAIRDANCE
  1036 | D:1      | 1036 ||| EATING bread ration.
  1139 | D:2      | HP: 6/27 [quokka (3)]
  1140 | D:2      | 1140 ||| ZAPPING wand of heal wounds (5).
  1197 | D:2      | 1197 ||| Stepping ~*~*~tactically~*~*~ (outnumbered).
  1199 | D:2      | 1199 ||| Stepping ~*~*~tactically~*~*~ (outnumbered).
  1201 | D:2      | 1201 ||| Stepping ~*~*~tactically~*~*~ (outnumbered).
  1202 | D:2      | 1202 ||| Stepping ~*~*~tactically~*~*~ (outnumbered).
  1204 | D:2      | 1204 ||| Stepping ~*~*~tactically~*~*~ (outnumbered).
  1206 | D:2      | 1206 ||| Stepping ~*~*~tactically~*~*~ (outnumbered).
  1209 | D:2      | 1209 ||| Stepping ~*~*~tactically~*~*~ (outnumbered).
  1211 | D:2      | 1211 ||| ZAPPING wand of heal wounds (4).
  1230 | D:2      | HP: 5/27 [worm (11)]
  1231 | D:2      | 1231 ||| ZAPPING wand of heal wounds (3).
  1242 | D:2      | HP: 5/27 [worm (5)]
  1243 | D:2      | 1243 ||| ZAPPING wand of heal wounds (2).
  1244 | D:2      | 1244 ||| MP-RECHARGING wand of heal wounds (1).
  1253 | D:2      | 1253 ||| ZAPPING wand of heal wounds (5).
  1264 | D:2      | HP: 5/27 [worm (7)]
  1265 | D:2      | 1265 ||| ZAPPING wand of heal wounds (4).
  1279 | D:2      | Slain by a worm

Vault maps used:
D:1:      scummos_arrival_star

Action                   || total
-------------------------++-------
Melee: Dagger            ||   428
       Unarmed           ||     9
 Abil: Device Recharging ||     2
Evoke: Wand              ||    11
  Use: Scroll            ||     2
  Eat: Bread ration      ||     1
